Map: Ley Lines

Players

WeAreLegion

  • Race: Terran Terran
  • League: Silver
  • Spawn Location: 7:00

brandon - Winner!

  • Race: Protoss Protoss
  • League: Gold
  • Spawn Location: 1:00

VOD

Have the link to the VOD?

Description

Time

  • Played on: Dec. 13, 2024, 12:41 a.m.
  • Length: 14:06
Show
View Real Time Build Order
Export as new Build Order

WeAreLegion Terran 

Build Orders: Reaper Expand 

Get SALT Encoding   

  12  0:00  SCV  
  13  0:12  SCV  
  14  0:17  Supply Depot  
  14  0:24  SCV  
  15  0:38  SCV  
  15  0:42  Barracks  
  16  0:46  Refinery  
  16  0:50  SCV  
  17  1:02  SCV  
  18  1:15  SCV  
  19  1:28  Orbital Command  
  19  1:30  Reaper  
  20  1:49  Command Center  
  20  1:53  Supply Depot  
  20  1:55  SCV  
  21  2:10  Marine, Factory  
  21  2:12  SCV  
  23  2:24  SCV  
  23  2:29  Refinery  
  24  2:37  SCV  
  25  2:40  Barracks Reactor  
  25  2:49  SCV  
  26  3:01  SCV  
  26  3:07  Orbital Command  
  26  3:09  Starport  
  26  3:13  SCV  
  27  3:35  SCV x2  
  29  3:42  Marine x2  
  29  3:44  Widow Mine  
  29  3:47  SCV x2, Medivac  
  37  3:59  SCV x2, Barracks  
  39  4:05  Barracks  
  39  4:11  Factory Tech Lab  
  39  4:13  Factory Tech Lab  
  41  4:17  Widow Mine  
  41  4:18  SCV x2  
  43  4:30  SCV x2  
  33  5:13  SCV x2  
  32  5:25  SCV x2  
  34  5:37  SCV  
  34  5:38  SCV  
  37  5:50  SCV x2  
  38  6:01  Supply Depot, Marine x2  
  38  6:02  SCV x2  
  38  6:03  Factory Tech Lab  
  42  6:04  Starport Tech Lab  
  42  6:14  SCV x2  
  44  6:19  Marine x2  
  46  6:26  SCV x2  
  46  6:30  Raven  
  46  6:31  Barracks Tech Lab  
  50  6:37  Marine x2  
  52  6:43  Barracks Tech Lab  
  52  6:46  Supply Depot  
  52  6:48  Supply Depot  
  52  6:55  Marine  
  53  7:10  Supply Depot  
  53  7:11  Supply Depot  
  53  7:15  Marine x4  
  54  7:17  Viking  
  56  7:33  Marine  
  56  7:34  Marauder x2  
  57  7:47  Viking  
  57  7:55  Marauder  
  57  8:05  Marine x3  
  56  8:06  Supply Depot  
  56  8:07  Supply Depot  
  59  8:17  Viking  
  58  8:43  SCV x2, Marine x4  
  58  8:46  Cyclone, Viking  
  68  8:55  SCV  
  67  8:57  SCV  
  67  9:01  Marine x2  
  67  9:02  Marauder x2  
  74  9:07  SCV  
  74  9:09  SCV  
  76  9:16  Viking  
  78  9:18  Cyclone  
  78  9:19  SCV, Marine x2  
  78  9:22  SCV  
  78  9:23  Marine, Marauder  
  88  9:25  Refinery  
  88  9:29  Refinery  
  88  9:31  SCV  
  88  9:34  SCV  
  88  9:37  Marine x2  
  92  9:41  Marauder  
  92  9:43  Combat Shield  
  92  9:44  Marauder  
  96  9:46  Viking  
  98  9:54  Marine  
  98  9:55  Marine  
  100  10:02  Marauder  
  100  10:04  Stimpack  
  102  10:10  Engineering Bay  
  102  10:20  Marine x2, Viking  
  102  10:21  Supply Depot, Marauder  
  108  10:22  Supply Depot  
  108  10:24  Marauder  
  110  10:41  Command Center  
  110  10:42  SCV x2, Marine x3  
  115  10:43  Supply Depot  
  115  10:45  Supply Depot, Marauder  
  117  10:50  Viking  
  117  10:54  SCV  
  119  11:00  Marine, Marauder  
  117  11:07  Marauder  
  114  11:20  Viking  
  114  11:22  Marauder  
  114  11:28  Marauder  
  116  11:39  SCV x2  
  118  11:41  Marine x2  
  118  11:43  Marine  
  118  11:44  Widow Mine  
  123  11:49  Marine  
  123  11:50  Viking  
  123  11:51  SCV x2  
  123  11:53  Starport  
  128  11:56  Starport  
  128  11:59  Marine x2  
  132  12:01  Marauder  
  132  12:03  SCV x2, Armory  
  132  12:06  Widow Mine  
  132  12:07  Marauder  
  114  12:20  Viking  
  114  12:22  Marauder  
  102  12:27  Widow Mine  
  102  12:29  Marauder  
  80  12:44  Marauder  
  80  12:50  Viking  
  56  13:05  Marine  
  56  13:06  Marine x3  
  55  13:16  Viking  
  55  13:17  Viking  
  51  13:23  Marine x2  
  51  13:24  Marauder x2  
  48  13:41  Marine  
Show
View Real Time Build Order
Export as new Build Order

brandon Protoss - Winner!

Build Orders: Oracle Opening 

Get SALT Encoding   

  12  0:02  Probe  
  13  0:14  Probe  
  14  0:21  Pylon  
  14  0:26  Probe  
  15  0:36  Probe  
  16  0:44  Probe  
  16  0:45  Gateway  
  17  0:53  Assimilator, Probe  
  18  1:00  Assimilator  
  18  1:06  Probe  
  19  1:15  Probe  
  20  1:19  Pylon  
  20  1:23  Probe  
  20  1:32  Probe  
  21  1:35  Cybernetics Core  
  22  1:44  Probe  
  23  1:47  Forge  
  23  1:56  Probe  
  24  2:08  Probe  
  25  2:17  Stargate  
  25  2:18  Stalker  
  25  2:19  Pylon  
  25  2:20  Probe  
  28  2:32  Probe  
  28  2:35  Shield Battery  
  29  2:57  Probe  
  29  3:01  Oracle  
  32  3:07  Nexus  
  32  3:18  Assimilator  
  32  3:19  Stalker  
  34  3:41  Fleet Beacon  
  34  3:58  Stargate  
  34  4:05  Probe  
  34  4:08  Stalker  
  37  4:17  Probe  
  38  5:20  Tempest  
  39  5:23  Tempest  
  39  5:27  Probe  
  39  5:28  Probe  
  45  5:34  Assimilator  
  45  5:40  Nexus, Probe x2  
  47  5:43  Stalker, Pylon  
  47  5:44  Pylon  
  47  5:47  Warp Gate  
  49  5:52  Probe x2  
  51  6:04  Probe x2  
  53  6:08  Pylon  
  53  6:12  Gateway  
  53  6:14  Gateway  
  53  6:18  Tempest  
  57  6:37  Photon Cannon  
  57  6:38  Tempest, Photon Cannon  
  61  6:47  Gateway x2  
  61  6:48  Probe x2  
  63  6:54  Unknown  
  63  7:02  Probe  
  64  7:11  Stalker, Probe x2  
  64  7:14  Probe  
  69  7:26  Probe  
  70  7:38  Probe x2  
  72  7:50  Probe  
  73  7:59  Stalker x4  
  73  8:04  Robotics Facility  
  73  8:05  Robotics Facility  
  81  8:11  Probe  
  81  8:12  Probe x2  
  84  8:16  Assimilator  
  80  8:20  Assimilator  
  80  8:23  Probe  
  80  8:24  Probe x2  
  83  8:35  Probe  
  83  8:41  Tempest  
  88  8:47  Probe  
  89  8:59  Immortal  
  93  9:04  Pylon  
  93  9:06  Pylon  
  93  9:08  Pylon  
  93  9:20  Probe  
  93  9:23  Tempest  
  98  9:28  Probe  
  98  9:36  Stalker x2, Probe  
  98  9:37  Stalker x2  
  108  9:49  Probe  
  109  9:55  Twilight Council  
  109  9:56  Robotics Bay  
  109  10:01  Probe  
  109  10:06  Tempest, Probe  
  115  10:30  Nexus  
  115  10:32  Pylon  
  115  10:35  Pylon x2  
  115  10:37  Pylon  
  115  10:38  Protoss Ground Weapons Level 1  
  115  10:50  Immortal x2  
  115  10:52  Protoss Air Weapons Level 1, Stalker  
  115  10:55  Stalker x4  
  125  11:29  Colossus x2  
  133  11:40  Extended Thermal Lance  
  129  11:48  Tempest  
  133  12:02  Tempest  
  133  12:07  Stalker x2  
  133  12:08  Stalker x2  
  133  12:22  Colossus x2  
  139  12:31  Tempest  
  143  12:37  Probe  
  140  12:45  Assimilator  
  140  12:49  Assimilator, Probe  
  125  12:59  Tempest  
  125  13:00  Stalker x4  
  125  13:01  Probe  
  134  13:13  Probe  
  135  13:25  Probe  
  128  14:06  Stalker  
Tags
 
Add a new tag
Caveats
  • Supply blocks, unpowered buildings, or Contaminate may cause inaccurate times.
  • Supply counts are checked every 10 seconds.